 Dungeon Crawl Stone Soup version 0.22.1-2-g9c5b331 (webtiles) character file.

18685 whitewolfNL the Basher (level 12, -7/102 HPs)
             Began as a Minotaur Berserker on Nov 28, 2018.
             Was a High Priest of Trog.
             Mangled by an ettin
             ... wielding a +0 dire flail
              (34 damage)
             ... on level 12 of the Dungeon.
             The game lasted 01:28:02 (16663 turns).

whitewolfNL the Basher (Minotaur Berserker)        Turns: 16663, Time: 01:28:03

Health: -7/102     AC: 17    Str: 22    XL:     12   Next: 29%
Magic:  5/5        EV: 11    Int:  5    God:    Trog [*****.]
Gold:   519        SH:  0    Dex: 14    Spells: 11/11 levels left

rFire    . . .     SeeInvis .   H - +2 lajatang (antimagic)
rCold    + . .     Gourm    .   (shield currently unavailable)
rNeg     . . .     Faith    +   M - +0 plate armour
rPois    .         Spirit   .   (helmet restricted)
rElec    .         Reflect  .   f - scarf {repulsion}
rCorr    .         Harm     .   G - +0 pair of gloves
MR       +....                  (no boots)
Stlth    ..........             b - amulet of faith
HPRegen  0.27/turn              l - ring of protection from cold
MPRegen  0.09/turn              W - ring of protection from magic

@: berserk cooldown, slowed, repel missiles, very slow
A: retaliatory headbutt, horns 2
a: Berserk, Trog's Hand, Brothers in Arms, Renounce Religion


You were on level 12 of the Dungeon.
You worshipped Trog.
Trog was extremely pleased with you.
You were very hungry.

You visited 4 branches of the dungeon, and saw 15 of its levels.
You also visited: Ossuary.

You collected 701 gold pieces.
You spent 182 gold pieces at shops.

Inventory:

Hand Weapons
 s - a +0 dagger of flaming
 y - a +3 dire flail
 C - a +4 great mace of venom
 H - a +2 antimagic lajatang (weapon)
 Y - a +0 shortbow
Missiles
 o - 57 bolts
 w - 3 tomahawks of returning
 B - 150 arrows
 D - 6 throwing nets (quivered)
 T - 4 poisoned javelins
 X - 25 sling bullets
Armour
 f - a scarf of repulsion (worn)
 G - a +0 pair of gloves (worn)
 L - the cursed +1 ring mail of Emuasol {rN+++ Int+2 Slay-3 Stlth+, unknown}
   (You found it on level 12 of the Dungeon)

   It affects your intelligence (+2).
   It affects your accuracy and damage with ranged weapons and melee attacks
   (-3).
   It renders you almost immune to negative energy.
   It makes you more stealthy.
   It has a curse placed upon it.
 M - a +0 plate armour (worn)
Jewellery
 b - an amulet of faith (around neck)
 d - a +5 ring of dexterity
 k - a cursed amulet of rage {unknown}
 l - a ring of protection from cold (left hand)
 q - the amulet of the Death Scarab {Reflect +Fly Str+2 SH+4, unknown}
   (You found it on level 10 of the Dungeon)

   [amulet of reflection]

   It shields you and reflects attacks.
   It affects your strength (+2).
   It lets you fly.
   It affects your SH (+4).
 U - a cursed amulet of inaccuracy {unknown}
 W - a ring of protection from magic (right hand)
Wands
 n - a wand of disintegration (6)
 A - a wand of polymorph (12)
 Q - a wand of paralysis (35)
Scrolls
 a - 7 scrolls of teleportation
 e - 2 scrolls of random uselessness {unknown}
 g - 9 scrolls of remove curse
 h - a scroll of fog {unknown}
 p - 2 scrolls of magic mapping
 t - 4 scrolls of enchant weapon
 v - 4 scrolls of enchant armour
 F - a scroll of summoning {unknown}
 J - a scroll of holy word {unknown}
 O - a scroll of silence {unknown}
 P - a scroll of acquirement {unknown}
Potions
 i - 2 potions of ambrosia
 j - a potion of haste {unknown}
 m - 2 potions of heal wounds
 r - 4 potions of agility
 u - a potion of brilliance {unknown}
 x - 3 potions of resistance
 z - 10 potions of curing
 E - 4 potions of cancellation
 I - a potion of magic {unknown}
 R - a potion of lignification {unknown}
 S - 2 potions of flight {unknown}
 V - 2 potions of invisibility {unknown}
Comestibles
 c - 15 rations
 K - 5 chunks of flesh


   Skills:
 + Level 8.2 Fighting
 - Level 14.4(14.7) Maces & Flails
 * Level 4.9(10.8) Staves
 * Level 12.4 Armour
 * Level 7.7 Dodging
 - Level 4.0 Stealth
 * Level 5.6 Evocations


You had 11 spell levels left.
You didn't know any spells.
Your spell library was empty.

Dungeon Overview and Level Annotations

Branches:
Dungeon (12/15)            Temple (1/1) D:5            Lair (1/6) D:9
    Orc (1/2) D:12

Altars:
Ashenzari
Cheibriados
Elyvilon
Fedhas
Gozag
Hepliaklqana
Kikubaaqudgha
Makhleb
Nemelex Xobeh
Okawaru
Qazlal
Ru
Sif Muna
Trog
Uskayaw
Vehumet
Wu Jian
Xom
Yredelemnul
Zin
The Shining One

Shops:
D:6 ?   D:11 (

Annotations:
D:6 Menkaure


Innate Abilities, Weirdness & Mutations

You reflexively headbutt those who attack you in melee.
You have a pair of horns on your head.


Message History

The orc warrior barely misses you. You furiously retaliate!
You headbutt the orc warrior. The ettin misses you. You furiously retaliate!
You headbutt the ettin! The ettin hits you with a dire flail!
The orc warrior moves out of view.
The orc hits you but does no damage.
A white imp comes into view.
There is a staircase back to the Dungeon here.
The orc closely misses you. The ettin closely misses you. x2
You climb upwards.
Welcome back to the Dungeon!
There is a staircase to the Orcish Mines here.
You completely miss the orc. You headbutt the orc!
You kill the orc!
Trog accepts your kill. The ettin hits you with a dire flail.
The ettin hits you but does no damage.
You hit the ettin.
The ettin is heavily wounded.
The ettin hits you with a dire flail!!
* * * LOW HITPOINT WARNING * * *
The ettin hits you with a dire flail!!
You die...

..............[....###.###.......
..##..#.#....##.##.###.###.......
........#.....[..................
...##...#.#......#.####.##.##....
...###..#..................##....
.......<#........................
#.......................##.###.#.
#[......#........................
#...###.#......)@C......##.#.#.#.
##### #.#..........[.............
# #.................##.#.#### #
#####................##.#.###. #
#.# #................##.#.....
#.###.)#.####.#...............
#..[)..#.# #.####.#.##..####.
#.###..#.# #.# #.#.##..# #.
####.###..#)# #.# #.#.##..# #.


You could see an ettin.

Vanquished Creatures
  Harold (D:7)
  A death knight (D:12)
  4 two-headed ogres
  An unseen horror (D:9)
  Pikel (D:8)
  2 ugly things
  A cyclops (D:12)
  3 centaur zombies
  A gargoyle (D:12)
  5 trolls
  2 hornets (D:8)
  6 hippogriffs
  7 yaks
  3 hungry ghosts
  A basilisk (D:12)
  A steam dragon (D:8)
  4 wargs
  2 soldier ants (D:8)
  2 water moccasins (D:9)
  3 ice beasts
  2 sky beasts
  2 black bears
  An eye of draining (D:9)
  4 orc warriors
  2 necrophages
  3 ogres
  2 phantoms
  3 centaurs
  2 big kobolds
  A gnoll sergeant (D:10)
  2 wyvern zombies
  6 bullfrogs
  A wyvern skeleton (D:12)
  7 scorpions
  12 killer bees
  2 electric eels (D:9)
  2 howler monkeys (D:4)
  12 wights
  A crimson imp (D:12)
  2 quasits
  6 hounds
  3 human zombies (Ossuary)
  2 jellies
  7 orc priests
  3 bullfrog skeletons
  5 centaur skeletons
  12 orc wizards
  2 iguanas
  5 worker ants
  A hound zombie (D:11)
  A hound skeleton (D:4)
  2 mummies (Ossuary)
  A worker ant zombie (D:7)
  A howler monkey zombie (D:7)
  14 gnolls
  10 adders
  5 scorpion zombies (Ossuary)
  4 shadow imps
  An ooze (D:3)
  An adder skeleton (D:5)
  An adder zombie (D:5)
  A worm (D:3)
  2 dart slugs
  7 leopard geckos
  37 orcs
  A giant cockroach (D:1)
  2 gnoll zombies (Ossuary)
  9 goblins
  2 hobgoblins (D:1)
  7 jackals
  8 quokkas
  6 bats
  5 frilled lizards
  4 goblin zombies (Ossuary)
  4 hobgoblin zombies (Ossuary)
  A jackal skeleton (D:4)
  18 kobolds
  A kobold zombie (Ossuary)
  A leopard gecko skeleton (D:5)
  A leopard gecko zombie (D:5)
  2 orc zombies (Ossuary)
  3 rats (D:3)
329 creatures vanquished.

Vanquished Creatures (others)
  A slave (D:11)
  3 scorpions (Ossuary)
  A human zombie (Ossuary)
  A mummy (Ossuary)
6 creatures vanquished.

Grand Total: 335 creatures vanquished

Notes
Turn   | Place    | Note
-------+----------+-------------------------------------------
     0 | D:1      | whitewolfNL the Minotaur Berserker began the quest for the
                  | Orb.
     0 | D:1      | Reached XP level 1. HP: 19/19 MP: 0/0
   160 | D:1      | Reached XP level 2. HP: 25/27 MP: 1/1
   251 | D:1      | Reached skill level 4 in Maces & Flails
  1224 | D:2      | Reached XP level 3. HP: 30/33 MP: 2/2
  1268 | D:2      | You fall through a shaft for 2 floors!
  1335 | D:4      | Reached XP level 4. HP: 23/40 MP: 3/3
  1581 | D:4      | Reached skill level 1 in Stealth
  1586 | D:4      | Reached skill level 5 in Maces & Flails
  1615 | D:4      | Reached XP level 5. HP: 46/46 MP: 4/4
  1617 | D:4      | Reached ** piety under Trog
  1864 | D:4      | Found a burning altar of Makhleb.
  1971 | D:4      | Noticed a black bear
  1977 | D:4      | Killed a black bear
  1977 | D:4      | Reached skill level 6 in Maces & Flails
  1977 | D:4      | Reached XP level 6. HP: 53/53 MP: 5/5
  2369 | D:3      | Found a faded altar of an unknown god.
  2500 | D:3      | Reached *** piety under Trog
  2505 | D:3      | Reached skill level 5 in Armour
  3139 | D:5      | Entered Level 5 of the Dungeon
  3161 | D:5      | Found a staircase to the Ecumenical Temple.
  3450 | D:5      | You fall through a shaft!
  3450 | D:6      | Noticed a hippogriff
  3459 | D:6      | Killed a hippogriff
  3459 | D:6      | Reached skill level 7 in Maces & Flails
  3459 | D:6      | Reached XP level 7. HP: 53/60 MP: 6/6
  3504 | D:6      | Found a sand-covered staircase.
  3536 | Ossuary  | Entered an ossuary
  3600 | Ossuary  | Reached skill level 1 in Evocations
  4082 | Ossuary  | Reached skill level 8 in Maces & Flails
  4133 | Ossuary  | Reached **** piety under Trog
  4449 | Ossuary  | Reached XP level 8. HP: 47/67 MP: 7/7
  5047 | D:6      | Noticed Menkaure
  5065 | D:6      | Found Cexastrae's Magic Scroll Shoppe.
  5076 | D:6      | Bought a scroll of identify for 28 gold pieces
  5076 | D:6      | Bought a scroll of identify for 28 gold pieces
  5076 | D:6      | Bought a scroll of identify for 28 gold pieces
  5076 | D:6      | Bought a scroll of remove curse for 42 gold pieces
  5076 | D:6      | Bought a scroll of identify for 28 gold pieces
  5076 | D:6      | Bought a scroll of identify for 28 gold pieces
  5240 | D:5      | Reached skill level 5 in Fighting
  6036 | D:5      | Found a stormy altar of Qazlal.
  6173 | D:5      | Found a glowing silver altar of Zin.
  6177 | D:5      | Reached skill level 9 in Maces & Flails
  6812 | D:7      | Reached XP level 9. HP: 74/74 MP: 9/9
  6849 | D:7      | Noticed Harold
  6902 | D:8      | Noticed a two-headed ogre
  6918 | D:8      | Killed a two-headed ogre
  6918 | D:8      | Reached skill level 10 in Maces & Flails
  6918 | D:8      | Reached skill level 5 in Dodging
  7286 | D:8      | Noticed Pikel
  7290 | D:8      | Killed Pikel
  7291 | D:8      | Found a shattered altar of Ashenzari.
  7594 | D:8      | Found a basalt altar of Yredelemnul.
  7594 | D:8      | Found a shimmering altar of Xom.
  7643 | D:8      | Found a snail-covered altar of Cheibriados.
  7697 | D:8      | Reached skill level 11 in Maces & Flails
  8143 | D:8      | Reached ***** piety under Trog
  8216 | D:8      | Paralysed by fainting for 5 turns
  8233 | D:8      | Reached XP level 10. HP: 72/83 MP: 11/11
  8233 | D:8      | Paralysed by fainting for 8 turns
  8810 | D:7      | Killed Harold
  9466 | D:6      | Reached skill level 12 in Maces & Flails
  9950 | Temple   | Entered the Ecumenical Temple
 10272 | D:9      | Reached skill level 10 in Armour
 10471 | D:9      | Noticed a two-headed ogre
 10497 | D:9      | Killed a two-headed ogre
 10973 | D:9      | Found a deep blue altar of Sif Muna.
 11121 | D:9      | Killed an unseen horror
 11121 | D:9      | Reached XP level 11. HP: 49/92 MP: 0/13
 11499 | D:9      | Reached skill level 13 in Maces & Flails
 11573 | D:9      | Found a staircase to the Lair.
 12481 | Lair:1   | Entered Level 1 of the Lair of Beasts
 12535 | Lair:1   | Noticed a six-headed hydra
 12635 | D:10     | Entered Level 10 of the Dungeon
 12813 | D:10     | Got a faintly glowing ruby amulet
 12828 | D:10     | Received a gift from Trog
 13662 | D:11     | Reached ****** piety under Trog
 13692 | D:11     | Found Ronuekuc's Weapon Emporium.
 14004 | D:11     | Noticed a cyan ugly thing
 14004 | D:11     | Noticed a five-headed hydra
 14110 | D:11     | Noticed a two-headed ogre
 14116 | D:11     | Killed a two-headed ogre
 14116 | D:11     | Reached skill level 14 in Maces & Flails
 14116 | D:11     | Reached skill level 5 in Evocations
 14155 | D:10     | Killed a purple ugly thing
 15495 | D:12     | Received a gift from Trog
 15616 | D:12     | Reached XP level 12. HP: 75/101 MP: 4/14
 15619 | D:12     | Reached skill level 1 in Staves
 15804 | D:12     | Noticed a two-headed ogre
 15809 | D:12     | Killed a two-headed ogre
 15810 | D:12     | Found a staircase to the Orcish Mines.
 15985 | D:12     | Got a twisted ring mail
 16233 | D:12     | Noticed a death knight
 16245 | D:12     | Killed a death knight
 16653 | Orc:1    | Entered Level 1 of the Orcish Mines
 16653 | Orc:1    | Noticed an ettin
 16663 | D:12     | Mangled by an ettin

Skill      XL: |  1  2  3  4  5  6  7  8  9 10 11 12 |
---------------+-------------------------------------+-----
Maces & Flails | 4 5 6 7 8 9 11 12 14 | 14.4
Fighting       | 4 5 6 7 8 |  8.2
Armour         | 3 4 5 7 8 10 12 | 12.4
Stealth        | 1 2 3 4 |  4.0
Dodging        | 3 4 5 6 7 |  7.7
Evocations     | 1 2 3 4 5 |  5.6
Staves         | 4 |  4.9

Action                   |  1- 3 |  4- 6 |  7- 9 | 10-12 || total
-------------------------+-------+-------+-------+-------++-------
Melee: Mace              |    58 |   103 |   275 |       ||   436
       Headbutt          |     6 |    22 |    55 |   132 ||   215
       Flail             |       |       |       |   287 ||   287
       Great mace        |       |       |       |   144 ||   144
       Lajatang          |       |       |       |    75 ||    75
 Fire: Blowgun           |       |     2 |       |    14 ||    16
Throw: Stone             |       |       |       |     3 ||     3
       Tomahawk          |       |       |       |     3 ||     3
Invok: Berserk           |       |     6 |    16 |    31 ||    53
       Trog's Hand       |       |       |       |     2 ||     2
Evoke: Wand              |       |       |     2 |    11 ||    13
  Use: Scroll            |       |     5 |    11 |     7 ||    23
       Potion            |       |       |     2 |     3 ||     5
  Eat: Chunk             |     1 |    11 |     5 |    35 ||    52
       Ration            |       |     1 |     6 |     7 ||    14
Armor: Animal skin       |     2 |       |       |       ||     2
       Scale mail        |    19 |    54 |   110 |       ||   183
       Plate armour      |       |       |    49 |   298 ||   347
Dodge: Dodged            |    32 |    59 |   160 |   240 ||   491
       Deflected         |     1 |     6 |    11 |     9 ||    27
